 Crawl Stoat Soup version 0.22-s0-37-g3e08518008 (console) character file.

14092 hilarita the Carver (level 11, -11/133 HPs)
             Began as a Demonspawn Fighter on Dec 11, 2019.
             Was the Champion of Cheibriados.
             Killed from afar by a gargoyle (22 damage)
             ... with a stone arrow
             ... on level 12 of the Dungeon.
             The game lasted 00:41:40 (13712 turns).

hilarita the Carver (Demonspawn Fighter)           Turns: 13712, Time: 00:41:41

Health: -11/133    AC: 29    Str: 34    XL:     11   Next: 84%
Magic:  18/18      EV:  2    Int: 25    God:    Cheibriados [******]
Gold:   751        SH: 17    Dex: 33    Spells: 7/10 levels left

rFire    . . .     SeeInvis +   a - +1 long sword
rCold    . . .     Gourm    .   c - +1 shield
rNeg     + + +     Faith    .   (armour currently unavailable)
rPois    +         Spirit   .   (helmet currently unavailable)
rElec    .         Warding  .   (cloak currently unavailable)
rCorr    .         Reflect  +   (gloves currently unavailable)
MR       +....     Harm     .   (boots currently unavailable) Stlth +++.......NoTele +
                                P - +2 amulet of reflection
HPRegen  0.32/turn              z - ring of protection from magic
MPRegen  0.16/turn              r - +4 ring of protection

@: agile, tree-form, very slow
A: see invisible, demonic guardian 1, sense surroundings 1, powered by pain 1,
MP-powered wands
a: Bend Time, Temporal Distortion, Slouch, Step From Time, Renounce Religion


You were on level 12 of the Dungeon.
You worshipped Cheibriados.
Cheibriados was exalted by your worship.
You were not hungry.
You were a tree.
You visited 1 branch of the dungeon, and saw 12 of its levels.

You collected 751 gold pieces.

Inventory:

Hand Weapons
 a - a +1 long sword (weapon)
 b - a +0 blowgun
 I - a +0 dagger of electrocution
Missiles
 u - 30 poisoned needles
 w - 5 throwing nets
 G - 18 javelins (quivered)
 H - 10 tomahawks
 M - 5 tomahawks of dispersal
Armour
 c - a +1 shield (worn)
 m - a +0 helmet (melded)
 L - a +0 pair of gloves (melded)
 T - a +0 plate armour of fire resistance (melded)
 V - +0 acid dragon scales
Jewellery
 r - a +4 ring of protection (right branch)
 z - a ring of protection from magic (left branch)
 D - an uncursed ring of magical power
 F - an uncursed ring of ice
 K - an uncursed ring of positive energy
 P - a +2 amulet of reflection (around neck)
 Q - an uncursed ring of positive energy
 S - a cursed -3 ring of protection
Wands
 n - a wand of flame (9)
 N - a wand of acid (9)
 R - a wand of scattershot (5)
Scrolls
 e - 4 scrolls of magic mapping
 k - 3 scrolls of enchant armour
 l - 2 scrolls of fear
 q - 3 scrolls of remove curse
 v - 4 scrolls of enchant weapon
 y - 2 scrolls of blinking
 E - a scroll of amnesia
Potions
 d - a potion of might
 g - 3 potions of flight
 h - a potion of ambrosia
 j - 2 potions of agility
 o - 2 potions of cancellation
 p - 2 potions of mutation
 x - a potion of brilliance
 A - a potion of lignification
 B - 3 potions of curing
 C - 3 potions of heal wounds
 J - a potion of resistance {unknown}
 O - 2 potions of magic {unknown}
Miscellaneous
 s - a phantom mirror
Comestibles
 f - 11 bread rations
 i - 11 meat rations
 t - 5 fruits


   Skills:
 * Level 9.0 Fighting
 - Level 10.0 Long Blades
 + Level 7.8 Armour
 + Level 2.0 Dodging
 + Level 7.8 Shields
 + Level 10.0 Invocations


You had 7 spell levels left.
You knew the following spells:

 Your Spells              Type           Power        Failure   Level  Hunger
a - Sting                 Conj/Pois      #...         34%         1    ##.....
b - Blink                 Tloc           N/A          45%         2    ###....

Your spell library contained the following spells:

 Spells                   Type           Power        Failure   Level  Hunger
 Magic Dart               Conj           #...         34%         1    ##.....
 Shock                    Conj/Air       #...         34%         1    ##.....
 Call Imp                 Summ           #.......     45%         2    ###....
 Poisonous Vapours        Pois/Air       #.....       45%         2    ###....
 Slow                     Hex            #.......     45%         2    ###....
 Swiftness                Chrm/Air       #.......     45%         2    ###....
 Conjure Flame            Conj/Fire      #.......     71%         3    ####...
 Mephitic Cloud           Conj/Pois/Air  #.......     71%         3    ####...
 Static Discharge         Conj/Air       #.......     71%         3    ####...
 Airstrike                Air            #.........   98%         4    #####..
 Olgreb's Toxic Radiance  Pois           #.......     98%         4    #####..
 Lightning Bolt           Conj/Air       #.........   100%        5    ######.
 Venom Bolt               Conj/Pois      #.........   100%        5    ######.


Dungeon Overview and Level Annotations

Branches:
Dungeon (12/15)            Temple (0/1) D:6            Lair (0/6) D:8
    Orc (0/2) D:10

Altars:
Ashenzari
Cheibriados
Dithmenos
Elyvilon
Fedhas
Hepliaklqana
Qazlal
Vehumet
Xom
Yredelemnul
Zin

Annotations:
D:10 exclusion: obsidian statue


Innate Abilities, Weirdness & Mutations

((You have sharp toenails.))
((You are mostly covered in yellow scales. (AC +3)))
A weak demonic guardian rushes to your aid.
You sometimes gain a little power by taking damage.
You have supernaturally acute eyesight. (SInv)
You passively map a small area around you.
You expend magic power (3 MP) to strengthen your wands.


Message History

The kobold misses your iron imp.
The orange demon stings you but does no damage.
You block the shadow imp's attack. You block the gargoyle's attack.
The kobold demonologist hits your iron imp but does no damage.
Unknown command.
You hit the gargoyle but do no damage.
The gargoyle is moderately damaged.
The orange demon disappears in a puff of smoke!
The kobold hits your iron imp but does no damage.
The shadow imp hits you but does no damage.
Your iron imp hits the kobold demonologist but does no damage.
You block the gargoyle's attack.
The kobold demonologist hits your iron imp but does no damage.
You hit the gargoyle.
The gargoyle is heavily damaged.
The kobold barely misses your iron imp. The shadow imp completely misses you.
Your iron imp completely misses the kobold demonologist.
The gargoyle hurls a stone arrow at you.
Helpless, you fail to dodge the stone arrow.
You die...

#...<...# *
#.......+ *, , *
#.......# *, ,
##'###### * *
#..##### ##.....# #
*######'### * #.#
#.........# * ..
#.........# *##.####
* *
#.........###.......
,,
#)........#.♣55.....
#.........#5#9KK....
, ,
#.........#.#.?.....
*
#.........'.#.......
.........#####.####
* ####+##### .. * .#
* * .# * * * ** * ,
, , , *


You could see a kobold demonologist, a gargoyle, a shadow imp, a kobold, a
friendly iron imp and a friendly shadow imp.

Vanquished Creatures
  Harold (D:7)
  Fannar (D:11)
  A two-headed ogre (D:11)
  2 manticores
  3 ugly things
  A cyclops (D:11)
  A centaur zombie (D:11)
  An ice statue (D:10)
  5 gargoyles (D:9)
  A kobold demonologist (D:12)
  Prince Ribbit (D:8)
  A hippogriff (D:8)
  A meliai zombie (D:11)
  A shadow (D:11)
  5 yaks (D:11)
  Grum (D:8)
  3 hungry ghosts
  Menkaure (D:6)
  2 acid dragons (D:11)
  A swamp drake (D:10)
  4 orc warriors
  4 ice beasts
  A sky beast (D:5)
  A necrophage (D:9)
  A black bear (D:10)
  3 wolves (D:8)
  7 ogres
  2 phantoms
  5 centaurs
  2 big kobolds
  12 bullfrogs
  5 killer bees (D:8)
  3 howler monkeys
  2 crimson imps (D:11)
  A quasit (D:7)
  A bullfrog zombie (D:7)
  5 hounds
  6 jellies
  5 orc wizards
  2 gnoll shamans
  5 orc priests
  4 bullfrog skeletons
  Ijyb (D:3)
  An iguana (D:8)
  6 worker ants
  A howler monkey zombie (D:7)
  A worker ant zombie (D:11)
  A howler monkey skeleton (D:10)
  9 gnolls
  11 adders
  6 oozes
  4 adder skeletons
  An adder zombie (D:6)
  3 worms
  A dart slug (D:1)
  11 leopard geckos
  28 orcs
  3 ball pythons
  4 bats (D:1)
  4 giant cockroaches
  4 goblins
  7 hobgoblins
  9 jackals
  22 kobolds
  3 weasels
  A ball python skeleton (D:4)
  2 frilled lizards
  9 rats
268 creatures vanquished.

Vanquished Creatures (collateral kills)
  Edmund (D:5)
  Blork the orc (D:5)
  A water moccasin zombie (D:5)
  2 howler monkeys
  A crimson imp (D:10)
  3 orc priests
  2 orc wizards
  A worker ant (D:5)
  A gnoll (D:5)
  A shadow imp (D:6)
  3 orcs (D:10)
17 creatures vanquished.

Vanquished Creatures (others)
  A sky beast (D:10)
  2 centaurs
  An orc (D:10)
4 creatures vanquished.

Grand Total: 289 creatures vanquished

Notes
Turn   | Place    | Note
-------+----------+-------------------------------------------
     0 | D:1      | hilarita the Demonspawn Fighter began the quest for the
                  | Orb.
     0 | D:1      | Reached XP level 1. HP: 18/18 MP: 1/1
   314 | D:1      | Gained mutation: A weak demonic guardian rushes to your
                  | aid. [demonic ancestry]
   314 | D:1      | Reached XP level 2. HP: 24/24 MP: 2/2
   489 | D:1      | Found a snail-covered altar of Cheibriados.
   552 | D:1      | Became a worshipper of Cheibriados the Contemplative
   741 | D:1      | Reached XP level 3. HP: 29/29 MP: 3/3
  1628 | D:2      | Found a radiant altar of Vehumet.
  1628 | D:2      | Found a blossoming altar of Fedhas.
  1798 | D:2      | Reached * piety under Cheibriados
  2115 | D:2      | Reached skill level 1 in Invocations
  2115 | D:2      | Reached XP level 4. HP: 35/35 MP: 4/4
  2390 | D:3      | Found a basalt altar of Yredelemnul.
  2401 | D:3      | Noticed Ijyb
  2423 | D:3      | Killed Ijyb
  2667 | D:3      | Gained mutation: You are partially covered in yellow
                  | scales. (AC +2) [demonic ancestry]
  2667 | D:3      | Reached XP level 5. HP: 16/41 MP: 2/6
  2955 | D:3      | Found a glowing silver altar of Zin.
  2957 | D:3      | Noticed an angel
  2961 | D:3      | Found a shimmering altar of Xom.
  3585 | D:3      | Reached ** piety under Cheibriados
  3585 | D:3      | Gained mutation: You have sharp toenails. [demonic
                  | ancestry]
  3585 | D:3      | Reached XP level 6. HP: 41/48 MP: 7/7
  4189 | D:5      | Entered Level 5 of the Dungeon
  4235 | D:5      | Noticed Edmund
  4472 | D:5      | Gained mutation: You sometimes gain a little power by
                  | taking damage. [demonic ancestry]
  4472 | D:5      | Reached XP level 7. HP: 29/54 MP: 5/9
  4501 | D:5      | Reached *** piety under Cheibriados
  4938 | D:5      | Reached skill level 5 in Long Blades
  5208 | D:5      | Noticed Blork the orc
  5215 | D:5      | Killed Blork the orc
  5223 | D:5      | Killed Edmund
  5223 | D:5      | Gained mutation: You are mostly covered in yellow scales.
                  | (AC +3) [demonic ancestry]
  5223 | D:5      | Reached XP level 8. HP: 61/61 MP: 11/11
  5652 | D:5      | Reached skill level 5 in Fighting
  5890 | D:6      | Found a staircase to the Ecumenical Temple.
  5963 | D:6      | Found a shadowy altar of Dithmenos.
  5976 | D:6      | Reached skill level 5 in Invocations
  6196 | D:6      | Gained mutation: You evolve. [potion of mutation]
  6196 | D:6      | Gained mutation: You have supernaturally acute eyesight.
                  | (SInv) [potion of mutation]
  6313 | D:6      | Noticed Menkaure
  6318 | D:6      | Killed Menkaure
  6740 | D:7      | Found a hazy altar of Hepliaklqana.
  6805 | D:7      | Noticed Harold
  6828 | D:7      | Killed Harold
  6828 | D:7      | Reached skill level 5 in Armour
  6828 | D:7      | Reached skill level 5 in Shields
  6828 | D:7      | Reached XP level 9. HP: 41/69 MP: 13/13
  6993 | D:7      | Found a white marble altar of Elyvilon.
  7353 | D:7      | Gained mutation: You expend magic power (3 MP) to
                  | strengthen your wands. [evolution]
  7472 | D:7      | Reached **** piety under Cheibriados
  7648 | D:7      | Learned a level 1 spell: Sting
  7785 | D:8      | Noticed Prince Ribbit
  7795 | D:8      | Killed Prince Ribbit
  7812 | D:8      | Found a staircase to the Lair.
  8463 | D:8      | Noticed Grum
  8465 | D:8      | Reached XP level 10. HP: 77/77 MP: 15/15
  8472 | D:8      | Killed Grum
  9004 | D:9      | Gained mutation: You passively map a small area around you.
                  | [evolution]
  9004 | D:9      | Lost mutation: You evolve. [end of evolution]
  9120 | D:9      | Reached ***** piety under Cheibriados
  9137 | D:9      | Found a snail-covered altar of Cheibriados.
  9178 | D:9      | Found a shattered altar of Ashenzari.
  9392 | D:9      | Noticed a gargoyle
  9393 | D:9      | Noticed a gargoyle
  9396 | D:9      | Killed a gargoyle
  9402 | D:9      | Killed a gargoyle
  9631 | D:9      | Noticed a gargoyle
  9643 | D:9      | Killed a gargoyle
  9798 | D:9      | Noticed a gargoyle
  9817 | D:9      | Killed a gargoyle
  9912 | D:9      | Noticed a gargoyle
  9922 | D:9      | Killed a gargoyle
 10147 | D:10     | Entered Level 10 of the Dungeon
 10428 | D:10     | Learned a level 2 spell: Blink
 10582 | D:10     | Found a staircase to the Orcish Mines.
 10926 | D:10     | Noticed a manticore
 10933 | D:10     | Killed a manticore
 10933 | D:10     | Reached XP level 11. HP: 85/85 MP: 17/17
 11385 | D:10     | Noticed an obsidian statue
 11520 | D:11     | Noticed a two-headed ogre
 11528 | D:11     | Killed a two-headed ogre
 11701 | D:11     | Noticed Fannar
 11731 | D:11     | Killed Fannar
 12120 | D:11     | Noticed a green ugly thing
 12130 | D:11     | Killed a green ugly thing
 12455 | D:11     | Reached ****** piety under Cheibriados
 12609 | D:11     | Reached skill level 10 in Long Blades
 12773 | D:11     | Reached skill level 1 in Dodging
 12978 | D:11     | Found a stormy altar of Qazlal.
 13003 | D:11     | Noticed a cyan ugly thing
 13016 | D:11     | Killed a cyan ugly thing
 13662 | D:12     | Noticed a cyan ugly thing
 13684 | D:12     | Killed a cyan ugly thing
 13684 | D:12     | Reached skill level 10 in Invocations
 13688 | D:12     | Noticed a soul eater
 13690 | D:12     | HP: 9/130 [gargoyle/stone arrow (12)]
 13691 | D:12     | Noticed a sun demon
 13706 | D:12     | HP: 9/133 [gargoyle/stone arrow (6)]
 13712 | D:12     | Killed from afar by a gargoyle

Vault maps used:
D:1:      dpeg_arrival_arbitrary_c, cheibriados_altar_1
D:2:      gammafunk_temple_overflow_wave, first_bread,
          hangedman_decor_clover_reticule
D:3:      kennysheep_six_static_rooms, grunt_temple_overflow_order_and_chaos_1,
          yredelemnul_altar_generic, uniq_ijyb
D:5:      uniq_edmund, uniq_blork_the_orc
D:6:      lemuel_doored_altar, minmay_temple_entry_trees, fountainhead,
          uniq_menkaure
D:7:      lemuel_crystal_altar, lemuel_coloured_pillars_altar, serial_curves,
          eino_curves_01, eino_curves_03, uniq_harold
D:8:      dpeg_oklobed_lair, hangedman_little_slice_of_home, uniq_grum,
          uniq_prince_ribbit1
D:9:      cheibrodos_statue_roulette, kennysheep_little_box,
          nicolae_ashenzari_panopticon
D:10:     minmay_separated_statues, erik_orc_1
D:11:     grunt_qazlal_clouds, uniq_fannar
D:12:     serial_shops, shop

Skill      XL: |  1  2  3  4  5  6  7  8  9 10 11 |
---------------+----------------------------------+-----
Long Blades    | 2 3 4 5 6 8 9 10 | 10.0
Armour         | 3 4 5 6 7 |  7.8
Shields        | 3 4 5 6 7 |  7.8
Invocations    | 1 2 3 4 6 7 8 10 | 10.0
Fighting       | 4 5 6 7 9 |  9.0
Dodging        | 2 |  2.0

Action                   |  1- 3 |  4- 6 |  7- 9 | 10-12 || total
-------------------------+-------+-------+-------+-------++-------
Melee: Long sword        |   115 |   148 |   246 |   418 ||   927
       Kick              |       |    20 |   138 |   258 ||   416
 Fire: Blowgun           |       |    15 |     9 |     9 ||    33
Throw: Javelin           |       |       |       |    11 ||    11
Invok: Bend Time         |       |     2 |     2 |     3 ||     7
       Slouch            |       |       |     1 |       ||     1
  Use: Scroll            |     7 |     4 |    11 |     2 ||    24
       Potion            |       |       |     2 |     2 ||     4
 Stab: Distracted        |       |       |     3 |     5 ||     8
  Eat: Chunk             |     4 |     4 |     6 |    13 ||    27
       Fruit             |       |       |       |     1 ||     1
Armor: Scale mail        |    44 |       |       |       ||    44
       Chain mail        |     8 |    92 |   147 |    61 ||   308
       Plate armour      |       |       |       |    66 ||    66
       Skin              |       |       |       |    31 ||    31
Dodge: Dodged            |    23 |    30 |    71 |    76 ||   200
Block: Shield            |    45 |    88 |   176 |   330 ||   639
       Reflection        |       |       |       |    17 ||    17
       Rpst.: Long sword |     8 |     8 |    17 |    17 ||    50

Table legend:
 A = Spawn XP
 B = Non-spawn XP
 C = Spawn XP percentage of total XP
 D = Spawn monster count
 E = Non-spawn monster count
 F = Spawn count percentage of total count
 G = Total turns spent on level
                    A         B        C        D         E        F      G
               +---------+---------+-------+---------+---------+-------+---------
         Total |    5791 |   14341 |  28.8 |      54 |     235 |  18.7 | 13712
               +---------+---------+-------+---------+---------+-------+---------
           D:1 |       6 |      56 |   9.7 |       4 |      26 |  13.3 |  1386
           D:2 |       2 |      34 |   5.6 |       1 |      10 |   9.1 |   772
           D:3 |      38 |     264 |  12.6 |       5 |      27 |  15.6 |  1479
           D:4 |       2 |     207 |   1.0 |       1 |      10 |   9.1 |   552
           D:5 |     431 |     650 |  39.9 |       5 |      20 |  20.0 |  1494
           D:6 |     172 |     488 |  26.1 |       5 |      10 |  33.3 |   968
           D:7 |     151 |    1495 |   9.2 |       3 |      19 |  13.6 |  1128
           D:8 |     647 |    2033 |  24.1 |       9 |      30 |  23.1 |  1154
           D:9 |     298 |    2489 |  10.7 |       5 |      18 |  21.7 |  1214
          D:10 |     657 |    1982 |  24.9 |       3 |      38 |   7.3 |  1352
          D:11 |    3387 |    3683 |  47.9 |      13 |      23 |  36.1 |  2142
          D:12 |       0 |     960 |   0.0 |       0 |       4 |   0.0 |    71
               +---------+---------+-------+---------+---------+-------+---------
